 Dungeon Crawl Stone Soup version 0.22-a0-521-gb1378044ac (webtiles) character file.

539 Oravi the Conjurer (level 7, -1/40 HPs)
             Began as a Tengu Wizard on June 20, 2018.
             Slain by a hound (3 damage)
             ... on level 4 of the Dungeon.
             The game lasted 00:20:51 (4261 turns).

Oravi the Conjurer (Tengu Wizard)                   Turns: 4261, Time: 00:20:56

Health: -1/40      AC:  2    Str:  8    XL:     7   Next: 26%
Magic:  8/15       EV: 13    Int: 24    God:
Gold:   231        SH:  0    Dex: 12    Spells: 7/16 levels left

rFire    . . .     SeeInvis +   f - +0 dagger
rCold    . . .     Gourm    .   (no shield)
rNeg     . . .     Faith    .   a - +0 robe
rPois    .         Spirit   .   b - +0 hat
rElec    .         Reflect  .   (no cloak)
rCorr    .         Harm     .   (no gloves)
MR       .....                  (boots unavailable)
Stlth    ++........             (no amulet)
HPRegen  0.13/turn              m - +4 ring of intelligence
MPRegen  0.14/turn              y - ring of see invisible

@: very slightly contaminated
A: beak, talons 3, able to fly 1
a: Fly


You were on level 4 of the Dungeon.
You were not hungry.

You visited 1 branch of the dungeon, and saw 6 of its levels.

You collected 231 gold pieces.

Inventory:

Hand Weapons
 f - a +0 dagger (weapon)
Missiles
 g - 120 stones
 h - a throwing net
 k - 4 javelins (quivered)
Armour
 a - a +0 robe (worn)
 b - a +0 hat (worn)
Jewellery
 m - a +4 ring of intelligence (left hand)
 y - a ring of see invisible (right hand)
Wands
 r - a wand of iceblast (9)
 w - a wand of disintegration (22)
Scrolls
 c - a scroll of noise
 i - a scroll of blinking
 j - a scroll of amnesia {unknown}
 l - 4 scrolls of enchant weapon {unknown}
 n - 3 scrolls of teleportation {unknown}
 p - a scroll of enchant armour {unknown}
 s - 4 scrolls of identify {unknown}
 t - a scroll of remove curse {unknown}
Potions
 q - 2 potions of lignification {unknown}
 u - a potion of berserk rage {unknown}
 v - a potion of flight {unknown}
Comestibles
 d - 13 rations
 x - 3 chunks of flesh


   Skills:
 + Level 2.0 Fighting
 + Level 3.2 Dodging
 - Level 2.0 Stealth
 + Level 5.2 Spellcasting
 + Level 6.2 Conjurations
   Level 1.2 Summonings
 - Level 0.7 Translocations


You had 7 spell levels left.
You knew the following spells:

 Your Spells              Type           Power        Failure   Level  Hunger
a - Magic Dart            Conj           ####         1%          1    None
b - Blink                 Tloc           N/A          10%         2    None
c - Conjure Flame         Conj/Fire      ###.....     7%          3    ##.....
d - Mephitic Cloud        Conj/Pois/Air  ###.....     11%         3    ##.....

Your spell library contained the following spells:

 Spells                   Type           Power        Failure   Level  Hunger
 Slow                     Hex            #.......     13%         2    None
 Call Imp                 Summ           ##......     8%          2    None


Dungeon Overview and Level Annotations

Branches:
Dungeon (6/15)
 Temple: D:4-7

Altars:


Innate Abilities, Weirdness & Mutations

You have a beak for a mouth.
You have claws for feet.
You can fly.


Message History

You hear a loud clanging noise!
It was a scroll of noise.
You hear a bark!
You hear an angry hiss.
You hear a shout! x2
The ogre misses you.
The orc priest mumbles some strange prayers to Beogh against you.
Pain shoots through your body!
* * * LOW HITPOINT WARNING * * *
As you read the scroll labeled DUD HUELYSEMUIS, it crumbles to dust.
The scroll dissolves into smoke.
It was a scroll of fog.
The orc priest hits you.
* * * LOW HITPOINT WARNING * * *
Blink to where?
Press: ? - help, Dir - move target cursor, p - ogre You are very lightly contaminated with residual magic.
As you read the scroll labeled VYADOE KEUNU, it crumbles to dust.
It was a scroll of blinking.
A hound comes into view.
The hound barks!
The hound bites you.
You die...

###.##########.........#.#....
.....§§O§§.)†...............##
#.#..§§§o#####.#.##.####.##..#
#..§..o#####...##.# #.###.#
#...§..........##o# #.# .S
+..............##.# #.# #.
#.................. ..# .
+...!......h....... ..# #
#..........@h.##.## #.#
...###....# .. ... #.......
#....#..⌠. #....# ... #.....
.. #....#. . ####.#..


You could see an ogre, 2 hounds, an orc priest and an orc.

Vanquished Creatures
  2 ogres (D:6)
  A phantom (D:3)
  A crimson imp (D:4)
  2 orc wizards
  A centaur skeleton (D:5)
  Terence (D:2)
  A howler monkey zombie (D:6)
  6 adders
  A shadow imp (D:6)
  3 worms
  A dart slug (D:2)
  5 leopard geckos
  5 orcs
  3 giant cockroaches
  6 goblins
  6 hobgoblins
  3 jackals (D:3)
  4 quokkas (D:3)
  2 ball pythons (D:3)
  6 bats
  2 frilled lizards
  4 kobolds
  9 rats
75 creatures vanquished.

Notes
Turn   | Place    | Note
-------+----------+-------------------------------------------
     0 | D:1      | Oravi the Tengu Wizard began the quest for the Orb.
     0 | D:1      | Reached XP level 1. HP: 10/10 MP: 5/5
   199 | D:1      | Reached skill level 2 in Conjurations
   272 | D:1      | Reached XP level 2. HP: 15/15 MP: 1/7
  1106 | D:2      | Reached XP level 3. HP: 19/19 MP: 1/8
  1210 | D:2      | Reached skill level 3 in Conjurations
  1533 | D:2      | Noticed Terence
  1592 | D:2      | Killed Terence
  1592 | D:2      | Reached XP level 4. HP: 11/24 MP: 3/10
  1778 | D:2      | Reached skill level 4 in Conjurations
  2372 | D:3      | Gained mutation: You can fly. [Tengu growth]
  2372 | D:3      | Reached XP level 5. HP: 11/28 MP: 10/12
  2782 | D:3      | Noticed a phantom
  2924 | D:3      | Killed a phantom
  2924 | D:3      | Reached skill level 5 in Conjurations
  2928 | D:3      | Learned a level 2 spell: Blink
  3097 | D:3      | Reached XP level 6. HP: 27/32 MP: 14/14
  3589 | D:3      | Learned a level 3 spell: Conjure Flame
  3593 | D:3      | Learned a level 3 spell: Mephitic Cloud
  3692 | D:3      | You fall through a shaft for 3 floors!
  3703 | D:6      | Reached skill level 1 in Fighting
  3703 | D:6      | Reached skill level 5 in Spellcasting
  3830 | D:6      | Reached skill level 6 in Conjurations
  3830 | D:6      | Reached XP level 7. HP: 38/38 MP: 8/15
  3937 | D:5      | Entered Level 5 of the Dungeon
  4255 | D:4      | HP: 1/40 [ogre/giant club (27)]
  4260 | D:4      | HP: 1/40 [orc priest (3)]
  4261 | D:4      | Slain by a hound

Vault maps used:
D:1:      scummos_arrival_forest, hex_large
D:2:      first_ration, uniq_terence
D:3:      minmay_diamond_boxcup
D:4:      minmay_temple_entry_large_hall

Skill      XL: |  1  2  3  4  5  6  7 |
---------------+----------------------+-----
Conjurations   | 2 3 4 5 6 |  6.2
Spellcasting   | 4 5 |  5.2
Fighting       | 1 2 |  2.0
Dodging        | 3 |  3.2
Stealth        | |  2.0
Summonings     | |  1.2
Translocations | |  0.7

Action                   |  1- 3 |  4- 6 |  7- 9 || total
-------------------------+-------+-------+-------++-------
Melee: Unarmed           |     2 |       |       ||     2
       Dagger            |     8 |    63 |     6 ||    77
       Kick              |     3 |    10 |     2 ||    15
       Peck              |       |     9 |     1 ||    10
Throw: Stone             |       |     3 |       ||     3
       Throwing net      |       |     2 |       ||     2
       Javelin           |       |    14 |       ||    14
 Cast: Magic Dart        |    82 |    96 |    26 ||   204
  Use: Potion            |       |     2 |     2 ||     4
       Scroll            |       |       |     3 ||     3
  Eat: Chunk             |     2 |     6 |       ||     8
       Ration            |       |       |     1 ||     1
Armor: Robe              |     2 |     9 |     2 ||    13
Dodge: Dodged            |     8 |    53 |    10 ||    71

Table legend:
 A = Spawn XP
 B = Non-spawn XP
 C = Spawn XP percentage of total XP
 D = Spawn monster count
 E = Non-spawn monster count
 F = Spawn count percentage of total count
 G = Total turns spent on level
                    A         B        C        D         E        F      G
               +---------+---------+-------+---------+---------+-------+---------
         Total |       0 |     771 |   0.0 |       0 |      75 |   0.0 |  4261
               +---------+---------+-------+---------+---------+-------+---------
           D:1 |       0 |      27 |   0.0 |       0 |      16 |   0.0 |   954
           D:2 |       0 |      99 |   0.0 |       0 |      19 |   0.0 |  1185
           D:3 |       0 |     251 |   0.0 |       0 |      30 |   0.0 |  1553
           D:4 |       0 |      96 |   0.0 |       0 |       5 |   0.0 |   208
           D:5 |       0 |      39 |   0.0 |       0 |       1 |   0.0 |   116
           D:6 |       0 |     259 |   0.0 |       0 |       4 |   0.0 |   245
               +---------+---------+-------+---------+---------+-------+---------
